 Dungeon Crawl Stone Soup version 0.30-a0-354-g6b83867211 (webtiles) character file.

Game seed: 15490544044381937244

639 hikkokomori the Digger (level 7, -8/81 HPs)
             Began as a Gargoyle Earth Elementalist on Nov 8, 2022.
             Mangled by a mummy (13 damage)
             ... in an ossuary.
             The game lasted 00:08:27 (3907 turns).

hikkokomori the Digger (GrEE)                       Turns: 3907, Time: 00:08:28

Health: -8/81      AC: 23    Str: 13    XL:     7   Next: 50%
Magic:  1/22       EV:  2    Int: 16    God:
Gold:   236        SH:  0    Dex: 10    Spells: 8/14 levels left

rFire   . . .      SeeInvis .    k - +0 morningstar
rCold   . . .      Faith    .    (no shield)
rNeg    + . .      Spirit   .    (body armour currently unavailable)
rPois   ∞          Reflect  .    (helmet currently unavailable)
rElec   .          Harm     .    (cloak currently unavailable)
rCorr   .          Rampage  .    (gloves currently unavailable)
Will    .....      NoTele   +    (boots currently unavailable)
Stlth   ..........               (no amulet)
HPRegen 0.33/turn                c - ring of magical power
MPRegen 0.18/turn                i - ring of wizardry

@: berserking, tree-form, very quick
A: stationary, stasis, torment immunity, boosted hp, sickness immunity, AC +4,
negative energy resistance 1, (electricity resistance), torment resistance 1,
petrification resistance
a: no special abilities


You were in an ossuary.
You were a tree.
You visited 1 branch of the dungeon, and saw 5 of its levels.
You also visited: Sewer and Ossuary.

You collected 236 gold pieces.

Inventory:

Hand Weapons
 f - a +0 vorpal great sword
 j - a +1 short sword of venom
 k - a +0 morningstar (weapon)
Armour
 a - a +1 robe (melded)
 e - a +0 troll leather armour {Pargi}
Magical Staves
 g - a staff of conjuration
Jewellery
 c - a ring of magical power (left branch)
 i - a ring of wizardry (right branch)
 m - a ring of fire
Scrolls
 o - a scroll of fog {unknown}
Potions
 b - a potion of magic
 h - 3 potions of lignification
 p - a potion of haste {unknown}


   Skills:
 + Level 1.2 Maces & Flails
 - Level 1.5 Dodging
 - Level 2.1 Stealth
 - Level 4.2 Spellcasting
 + Level 3.5 Conjurations
 - Level 0.7 Transmutations
 + Level 7.5 Earth Magic


You had 8 spell levels left.
You knew the following spells:

 Your Spells              Type           Power      Damage    Failure   Level
a - Sandblast             Erth           54%        2d13      1%          1
b - Stone Arrow           Conj/Erth      42%        3d9       1%          3
c - Passwall              Tmut/Erth      13%        N/A       1%          2

Your spell library contained the following spells:

 Spells                   Type           Power      Damage    Failure   Level
 Petrify                  Tmut/Erth      16%        N/A       12%         4


Dungeon Overview and Level Annotations

Branches:
Dungeon (5/15)             Temple (0/1) D:5           Sewer (visited)
Ossuary (1/1)

Altars:
Ru
The Shining One

Shops:
D:3 *

Annotations:
D:2 Sigmund


Innate Abilities, Weirdness & Mutations

You are a tree.
Your roots penetrate the ground, keeping you stationary.
You cannot be teleported.
You are immune to unholy pain and torment.
Your maximum health is greatly increased.
Your equipment is partially melded.
You are immune to sickness and miasma.
((Your stone body is resilient. (AC +4)))
You are immune to poison.
You resist negative energy. (rN+)
((You are resistant to electric shocks. (rElec)))
You are resistant to unholy torment.
You are immune to petrification.


Message History

You destroy the orc zombie!
The mummy hits you! x2
Unknown command.
Casting: Stone Arrow (safe; 1% risk of failure)
Confirm with . or Enter, or press ? or * to list all spells.
Aiming: Stone Arrow (safe; 1% risk of failure)
Press: ? - help, Shift-Dir - straight line, f - mummy
Aim: a mummy (88% to hit)
You feel a surge of power!
The stone arrow hits the mummy!
The mummy is moderately damaged.
Unknown command.
Okay, then.
Casting: Stone Arrow (safe; 1% risk of failure)
Confirm with . or Enter, or press ? or * to list all spells.
Aiming: Stone Arrow (safe; 1% risk of failure)
Press: ? - help, Shift-Dir - straight line, f/p - mummy
Aim: a mummy (moderately damaged, 88% to hit)
You feel a surge of power!
The stone arrow hits the mummy!
The mummy is almost destroyed.
The kobold zombie hits you but does no damage.
The mummy barely misses you. x2
Really quaff the potion of lignification?
You turn into a tree.
Your +1 robe melds into your body.
Your roots penetrate the ground.
The kobold zombie hits you but does no damage.
Unknown command.
k - a +0 morningstar (weapon)
The mummy hits you!
* * * LOW HITPOINT WARNING * * *
The mummy hits you.
* * * LOW HITPOINT WARNING * * *
Unknown command.
A red film seems to cover your vision as you go berserk!
You feel yourself moving faster!
You feel mighty!
The kobold zombie hits you but does no damage.
You hit the mummy.
You destroy the mummy!
The kobold zombie hits you but does no damage.
The mummy hits you!
You die...

...##....##....
...............
..............
............
#........#
#......# #.Z.M#
#..♣.# #....#
#....# #....#
#....# #....#
#....# #.∩∩.#
######


You could see a mummy and a kobold zombie.

Vanquished Creatures
  Pargi (Sewer)
  2 black bears
  A necrophage (D:4)
  A hound (D:4)
  4 orc wizards (D:3)
  3 mummies (Ossuary)
  4 adders
  2 river rats (D:4)
  3 worms
  2 dart slugs
  5 orcs (D:3)
  10 bats
  7 endoplasms
  A gnoll zombie (Ossuary)
  8 goblins
  6 hobgoblins
  2 jackals (D:3)
  4 quokkas
  6 ball pythons
  A frilled lizard (D:3)
  2 hobgoblin zombies (Ossuary)
  6 kobolds
  4 orc zombies (Ossuary)
  9 rats
94 creatures vanquished.

Vanquished Creatures (others)
  23 fungi (D:5)
23 creatures vanquished.

Grand Total: 117 creatures vanquished

Notes
Turn   | Place    | Note
-------+----------+-------------------------------------------
     0 | D:1      | hikkokomori the Gargoyle Earth Elementalist began the quest
                  | for the Orb.
     0 | D:1      | Reached XP level 1. HP: 10/10 MP: 3/3
   449 | D:1      | Reached skill level 4 in Earth Magic
   449 | D:1      | Reached XP level 2. HP: 15/15 MP: 1/5
  1146 | D:1      | Found a faded altar of an unknown god.
  1265 | D:2      | Reached XP level 3. HP: 19/19 MP: 4/6
  1586 | D:2      | Noticed Sigmund
  1633 | D:3      | Reached XP level 4. HP: 19/24 MP: 0/8
  1730 | D:3      | Reached skill level 5 in Earth Magic
  1828 | D:3      | Found a glowing golden altar of the Shining One.
  1848 | D:3      | Reached XP level 5. HP: 28/28 MP: 5/10
  2066 | D:3      | Noticed a black bear
  2073 | D:3      | Killed a black bear
  2074 | D:3      | Reached skill level 6 in Earth Magic
  2179 | D:3      | Found Ilikov's Assorted Antiques.
  2228 | D:3      | Reached XP level 6. HP: 32/32 MP: 9/12
  2241 | D:3      | Learned a level 3 spell: Stone Arrow
  2244 | D:3      | Learned a level 2 spell: Passwall
  2558 | D:4      | Found a sacrificial altar of Ru.
  2567 | D:4      | Reached skill level 1 in Conjurations
  2731 | D:4      | Found a glowing drain.
  2856 | Sewer    | Entered a sewer
  2963 | Sewer    | Noticed Pargi
  2972 | Sewer    | Killed Pargi
  2973 | Sewer    | Reached skill level 7 in Earth Magic
  2973 | Sewer    | Reached XP level 7. HP: 31/36 MP: 13/13
  3448 | D:4      | Reached skill level 1 in Maces & Flails
  3535 | D:4      | Identified the +5 scale mail "Ucoduuny" {rPois rF+ Dex-5
                  | Stlth+}
  3756 | D:5      | Entered Level 5 of the Dungeon
  3841 | D:5      | Found a sand-covered staircase.
  3846 | Ossuary  | Entered an ossuary
  3907 | Ossuary  | Mangled by a mummy

Illustrated notes

Levels and vault maps discovered:
D:1:      nzn_arrival_depleted_hourglass, layout_basic,
          shapermc_ecumenical_altar_mp_vishouse
D:2:      layout_basic, basic_altar, minmay_pentomino_o2, uniq_robin,
          uniq_sigmund
D:3:      layout_rooms, mainiacjoe_overflow_concentric_impassable, serial_shops,
          nicolae_lakefront_shop, minivault_25
D:4:      layout_basic, mainiacjoe_overflow_catwalk, portal_sewer_entry_b,
          kennysheep_decorative_pillar
D:5:      old_forge, layout_loops_corners, minmay_temple_entry_large_hall,
          nicolae_ossuary_entry_false_entrances, serial_aquarium,
          aquarium_bridge_long_joined [aquarium_subvault_balcony,
          aquarium_subvault_bridge, aquarium_subvault_bridge,
          aquarium_subvault_bridge, aquarium_subvault_window,
          aquarium_subvault_window], aquarium_bridge_island_small
          [aquarium_subvault_small_open, aquarium_subvault_bridge,
          aquarium_subvault_bridge, aquarium_subvault_balcony,
          aquarium_subvault_bridge], aquarium_window_2, aquarium_window_2,
          aquarium_view_2e, serial_shops, shop, uniq_grinder,
          uniq_prince_ribbit1
Ossuary:  ossuary_tomb_3

Skill      XL: |  1  2  3  4  5  6  7 |
---------------+----------------------+-----
Earth Magic    | 4 5 6 7 |  7.5
Spellcasting   | 3 4 |  4.2
Conjurations   | 2 3 |  3.5
Maces & Flails | 1 |  1.2
Dodging        | |  1.5
Stealth        | |  2.1
Transmutations | |  0.7

Action                   |  1- 3 |  4- 6 |  7- 9 || total
-------------------------+-------+-------+-------++-------
Melee: Staff             |     3 |       |     1 ||     4
       Short sword       |       |     3 |       ||     3
       Great sword       |       |       |     5 ||     5
       Morningstar       |       |       |     1 ||     1
 Cast: Sandblast         |    49 |    77 |    14 ||   140
       Stone Arrow       |       |     1 |     7 ||     8
  Use: Potion            |       |     2 |     2 ||     4
       Scroll            |       |     6 |     2 ||     8
 Stab: Sleeping          |       |       |     1 ||     1
Armor: Robe              |    10 |    25 |    10 ||    45
       Skin              |       |       |     3 ||     3
Dodge: Dodged            |     6 |    32 |    15 ||    53

Table legend: (Time is in decaauts)
 A = Elapsed time spent in this place.
 B = Non-inter-level travel time spent in this place.
 C = Inter-level travel time spent in this place.
 D = Time resting spent in this place.
 E = Time spent auto-exploring this place.
 F = Levels seen in this place.
 G = Mean time per level.
                   A        B        C        D        E       F      G
               +--------+--------+--------+--------+--------+-----+--------+
         Total |   3979 |   3816 |    163 |    201 |   2900 |   7 |  568.4 |
       Dungeon |   3735 |   3572 |    163 |    168 |   2805 |   5 |  747.0 |
         Sewer |    178 |    178 |      0 |      0 |     94 |   1 |  178.0 |
       Ossuary |     65 |     65 |      0 |     33 |      1 |   1 |   65.0 |
               +--------+--------+--------+--------+--------+-----+--------+

Top non-repeatable levels by time:
     D:1: 1257 daAuts
     D:4: 1054 daAuts
     D:3: 960 daAuts
     D:2: 374 daAuts
   Sewer: 178 daAuts
     D:5: 89 daAuts
 Ossuary: 65 daAuts
